 Dungeon Crawl Stone Soup version 0.28-a0-1234-g826d19b2e0 (console) character file.

Game seed: 14011599223950918645

11564 jejorda2 the Severer (level 11, -14/86 HPs)
             Began as a Palentonga Berserker on Dec 23, 2021.
             Was an Elder of Trog.
             Killed from afar by a death drake (15 damage)
             ... with a foul vapour
             ... in a Gauntlet.
             The game lasted 00:37:02 (12224 turns).

jejorda2 the Severer (Palentonga Berserker)        Turns: 12224, Time: 00:37:03

Health: -14/86     AC: 19    Str: 25    XL:     11   Next: 51%
Magic:  11/11      EV:  9    Int:  8    God:    Trog [****..]
Gold:   343        SH:  0    Dex:  9    Spells: 10/10 levels left

rFire   + . .      SeeInvis +   a - +2 hand axe (elec)
rCold   + . .      Faith    .   (no shield)
rNeg    + . .      Spirit   .   N - +0 troll leather armour
rPois   +          Reflect  .   k - +0 helmet
rElec   +          Harm     .   e - +0 cloak
rCorr   +          Rampage  .   (no gloves)
Will    .....      NoTele   +   (no barding)
Stlth   +.........              u - amulet of the acrobat
HPRegen 1.04/turn               h - +4 ring of protection
MPRegen 0.12/turn               t - ring of positive energy

@: lethally poisoned (-14 -> -50), resistant, slowed, curled up, very slow
A: large, rugged brown scales 3, see invisible, deformed body, roll 1, armoured
tail, reflexive curl
a: Rolling Charge, Renounce Religion, Berserk, Trog's Hand, Brothers in Arms


You were in a Gauntlet.
You worshipped Trog.
Trog was greatly pleased with you.
You visited 1 branch of the dungeon, and saw 11 of its levels.
You also visited: Sewer and Gauntlet.

You collected 670 gold pieces.
You spent 327 gold pieces at shops.

Inventory:

Hand Weapons
 a - a +2 hand axe of electrocution (weapon)
 b - a +0 war axe of draining
 l - a +0 battleaxe
 p - the +7 mace of Dagiedo {speed, rElec rC- Str+4 Int+4}
   (You found it on level 6 of the Dungeon)

   Attacks with this weapon are significantly faster.
   Str:       It affects your strength (+4).
   Int:       It affects your intelligence (+4).
   rC:        It makes you vulnerable to cold.
   rElec:     It insulates you from electricity.
 x - a +2 antimagic flail
 J - a +0 dire flail
Missiles
 j - 33 poisoned darts
 y - a silver boomerang
 A - a curare-tipped dart
 B - 12 boomerangs
 C - 16 stones
Armour
 e - a +0 cloak (worn)
 k - a +0 helmet (worn)
 G - a scarf of shadows
 N - a +0 troll leather armour (worn)
Jewellery
 h - a +4 ring of protection (left hand)
 t - a ring of positive energy (right hand)
 u - an amulet of the acrobat (around neck)
Wands
 d - a wand of flame (66)
 f - a wand of iceblast (7)
 r - a wand of polymorph (18)
 M - a wand of mindburst (7)
Scrolls
 n - a scroll of summoning
 q - 5 scrolls of vulnerability
 w - 2 scrolls of blinking
 z - 4 scrolls of teleportation
 L - a scroll of enchant armour
Potions
 g - 2 potions of ambrosia
 i - 5 potions of heal wounds
 m - 3 potions of attraction
 o - 4 potions of curing
 s - 2 potions of magic {unknown}
 v - a potion of invisibility {unknown}
 D - 2 potions of might {unknown}
 E - 5 potions of haste
 F - 3 potions of flight
 H - 3 potions of mutation


   Skills:
 - Level 6.0 Fighting
 * Level 15.0 Axes
 - Level 6.0 Armour
 - Level 1.5 Dodging
 - Level 6.0 Evocations


You had 10 spell levels left.
You didn't know any spells.
Your spell library was empty.

Dungeon Overview and Level Annotations

Branches:
Dungeon (11/15)            Temple (0/1) D:6            Lair (0/6) D:9
  Sewer (visited)         Gauntlet (1/1)
    Orc: D:9-12

Altars:
Ashenzari
Cheibriados
Elyvilon
Gozag
Kikubaaqudgha
Okawaru
Sif Muna
Vehumet
Zin
Beogh

Shops:
D:7 (   D:8 *   D:9 ([!

Annotations:
Gauntlet 13 transporters


Innate Abilities, Weirdness & Mutations

You are completely covered in rugged brown scales. (AC +3, +7% HP)
You have supernaturally acute eyesight. (SInv)
Armour fits poorly on your strangely shaped body.
You can roll at nearby foes to attack.
You have a long armoured tail.
You curl defensively after being hit. (AC +7*)


Message History

There is a transporter here.
You enter the transporter and appear at another place.
The death drake hisses angrily.
You feel yourself speed up.
Okay, then.
You start waiting.
You recover from your berserk rage.
There is a transporter here.
You enter the transporter and appear at another place.
The death drake bites you.
You hit the death drake but do no damage.
The death drake breathes miasma at you. The foul vapour engulfs you!!
You are poisoned.
You miss the death drake.
You tail-slap the death drake, but do no damage.
You are engulfed in dark miasma.
You are more poisoned.
You feel extremely sick. The death drake bites you.
You barely miss the death drake.
Your tail-slap misses the death drake.
You are engulfed in dark miasma.
You are lethally poisoned!
You feel extremely sick.
The death drake bites you but does no damage.
You barely miss the death drake.
Your tail-slap misses the death drake.
You are engulfed in dark miasma.
You are more poisoned.
You feel yourself slow down.
* * * LOW HITPOINT WARNING * * *
You feel extremely sick. The death drake closely misses you.
You feel protected.
* * * LOW HITPOINT WARNING * * *
You feel extremely sick. The death drake bites you.
* * * LOW HITPOINT WARNING * * *
The death drake breathes miasma at you. The foul vapour engulfs you!
You feel as though you will be slow longer.
You die...

...#########.###########.########
...#©........#§≈≈≈8§≈≈≈#........©
############.###########.########
..#.©.#..#.#.#.......Zk#.#.#3x...
#..#.#..##.#.#..##.##..#.#.#.#...
.#..#..#.#.#.#.##...##=#.#.#..###
..#...#..#.#.#.#°°...#!#.#.#..##.
#..#.#..##.#©#Zk°°©...©#©#.#...3©
.#..#..#.#.###.#@°°..#=###.#..##.
..#.©.#..#...#.##°°.##.#...#..###
...#.#...#...#..##.##..#...#.#...
....#....#...#.........#...#*3x=©
##########...###########...######
....©......§.§...........≈.......
.∩........≈8≈...........≈8≈§.....
....©......≈.............≈.......
##########...###########.§§######


You could see a death drake (catching breath) and a centaur warrior zombie.

Vanquished Creatures
  A two-headed ogre (D:8)
  An ugly thing (D:10)
  2 cyclopes (D:10)
  Maggie (D:6)
  A komodo dragon (D:8)
  2 meliai (D:10)
  Grinder (D:3)
  A large abomination (Gauntlet)
  A wraith (D:10)
  18 yaks
  2 wyverns
  2 water moccasins
  A hornet zombie (D:5)
  8 orc warriors
  4 black bears
  2 sky beasts
  2 ice beasts
  2 centaurs
  A necrophage (D:7)
  2 ogres (D:5)
  2 phantoms (D:4)
  Blork the orc (D:6)
  4 small abominations (Gauntlet)
  A kobold brigand (Sewer)
  2 wyvern zombies
  3 bullfrogs
  4 scorpions
  A water moccasin zombie (D:5)
  A wyvern skeleton (D:6)
  A water moccasin skeleton (D:5)
  3 killer bees (D:8)
  5 wights (D:9)
  A howler monkey (D:8)
  An electric eel (D:9)
  4 centaur zombies
  A jelly (D:7)
  13 orc priests
  Crazy Yiuf (D:6)
  2 hounds
  3 iguanas
  A bullfrog skeleton (D:6)
  11 orc wizards
  Ijyb (D:5)
  Natasha (twice) (D:2)
  A centaur simulacrum (D:10)
  A howler monkey skeleton (D:4)
  2 gnolls (D:6)
  7 adders
  6 river rats
  A shadow imp (D:6)
  3 white imps
  An ufetubus (D:4)
  An adder skeleton (D:4)
  7 worms
  3 dart slugs
  45 orcs
  5 ball pythons
  A bat (D:1)
  7 endoplasms
  2 giant cockroaches (D:2)
  8 goblins
  8 hobgoblins
  6 jackals
  11 kobolds
  A quokka (D:2)
  3 frilled lizards
  6 rats
260 creatures vanquished.

Vanquished Creatures (others)
  14 demonic plants (Gauntlet)
  43 fungi
  31 plants
88 creatures vanquished.

Grand Total: 348 creatures vanquished

Notes
Turn   | Place    | Note
-------+----------+-------------------------------------------
     0 | D:1      | jejorda2 the Palentonga Berserker began the quest for the
                  | Orb.
     0 | D:1      | Reached XP level 1. HP: 19/19 MP: 1/1
    91 | D:1      | Reached XP level 2. HP: 25/25 MP: 2/2
   835 | D:2      | Reached XP level 3. HP: 23/31 MP: 3/3
  1136 | D:2      | Reached skill level 4 in Axes
  1349 | D:2      | Reached XP level 4. HP: 27/37 MP: 4/4
  1647 | D:2      | Noticed Natasha
  1662 | D:2      | Killed Natasha
  1664 | D:2      | Reached ** piety under Trog
  1843 | D:2      | Noticed Natasha
  1847 | D:2      | Killed Natasha
  2058 | D:3      | Reached XP level 5. HP: 44/44 MP: 5/5
  2511 | D:3      | Noticed Grinder
  2531 | D:3      | Killed Grinder
  2532 | D:3      | Reached skill level 5 in Axes
  2532 | D:3      | Reached XP level 6. HP: 37/52 MP: 6/6
  2842 | D:4      | Reached skill level 6 in Axes
  2864 | D:4      | Found an iron altar of Okawaru.
  2888 | D:4      | Gained mutation: You curl defensively after being hit. (AC
                  | +7*) [Palentonga growth]
  2888 | D:4      | Reached XP level 7. HP: 58/58 MP: 7/7
  3168 | D:4      | Reached skill level 5 in Fighting
  3615 | D:5      | Entered Level 5 of the Dungeon
  3655 | D:5      | Noticed Ijyb
  3661 | D:5      | Killed Ijyb
  3702 | D:5      | Reached skill level 7 in Axes
  3931 | D:5      | Reached XP level 8. HP: 67/67 MP: 8/8
  4896 | D:6      | Found a radiant altar of Vehumet.
  4969 | D:6      | Reached skill level 8 in Axes
  5021 | D:6      | Reached skill level 5 in Armour
  5039 | D:6      | Found a runed translucent door.
  5040 | D:6      | Noticed Crazy Yiuf
  5072 | D:6      | Killed Crazy Yiuf
  5073 | D:6      | Reached skill level 9 in Axes
  5089 | D:6      | Identified the +7 mace of Dagiedo {speed, rElec rC- Str+4
                  | Int+4}
  5092 | D:6      | Identified the +6 mace of the Chain {vorpal, Dex+4}
  5107 | D:6      | Found a staircase to the Ecumenical Temple.
  5204 | D:6      | Found a glowing drain.
  5209 | Sewer    | Entered a sewer
  5215 | Sewer    | Reached *** piety under Trog
  5370 | Sewer    | Reached XP level 9. HP: 73/73 MP: 9/9
  5960 | D:6      | Noticed Maggie
  5972 | D:6      | Killed Maggie
  6266 | D:6      | Noticed Blork the orc
  6279 | D:6      | Killed Blork the orc
  6428 | D:6      | Found a glowing silver altar of Zin.
  6746 | D:7      | Reached skill level 10 in Axes
  6764 | D:7      | Found Woyrr's Weapon Shop.
  6859 | D:7      | Found a white marble altar of Elyvilon.
  7077 | D:7      | Reached skill level 11 in Axes
  7561 | D:8      | Found a broken altar of Ashenzari.
  7650 | D:8      | Reached skill level 1 in Evocations
  7658 | D:8      | Noticed a two-headed ogre
  7665 | D:8      | Killed a two-headed ogre
  7666 | D:8      | Reached XP level 10. HP: 80/81 MP: 10/10
  7695 | D:8      | Found Kewaetek's Assorted Antiques.
  7880 | D:8      | Bought a large diamond amulet for 150 gold pieces
  7880 | D:8      | Bought a peridot ring for 150 gold pieces
  7880 | D:8      | Bought a fizzy orange potion for 27 gold pieces
  8108 | D:8      | Reached skill level 12 in Axes
  8717 | D:8      | Found a shimmering blue altar of Sif Muna.
  9443 | D:8      | Reached skill level 13 in Axes
  9577 | D:8      | Reached **** piety under Trog
  9736 | D:8      | HP: 5/121 [komodo dragon (5)]
 10077 | D:9      | Found a staircase to the Lair.
 10103 | D:9      | Found an opulent altar of Gozag.
 10172 | D:9      | Reached skill level 5 in Evocations
 10436 | D:9      | Found Loqoirgh's Antique Weapon Shop.
 10438 | D:9      | Found Kynnywne's Antique Armour Emporium.
 10447 | D:9      | Found Voaff's Distillery.
 10456 | D:9      | Reached XP level 11. HP: 53/86 MP: 11/11
 10612 | D:10     | Entered Level 10 of the Dungeon
 10634 | D:10     | Noticed a red ugly thing
 10641 | D:10     | Killed a red ugly thing
 10642 | D:10     | Reached skill level 14 in Axes
 10741 | D:10     | Found a snail-covered altar of Cheibriados.
 10839 | D:10     | Found an ancient bone altar of Kikubaaqudgha.
 11786 | D:11     | Found a gate leading to a gauntlet.
 11796 | Gauntlet | Entered a Gauntlet
 11796 | Gauntlet | Found a transporter.
 11796 | Gauntlet | Found a transporter.
 11808 | Gauntlet | Noticed a soul eater
 11810 | Gauntlet | Found a transporter.
 11810 | Gauntlet | Found a transporter.
 11812 | Gauntlet | Noticed a death drake
 11816 | Gauntlet | Noticed a green death
 11823 | Gauntlet | Found a transporter.
 11832 | Gauntlet | Found a transporter.
 11841 | Gauntlet | Noticed a wretched star
 11842 | Gauntlet | Found a transporter.
 11842 | Gauntlet | Found a transporter.
 11845 | Gauntlet | Found a transporter.
 11872 | Gauntlet | Found a transporter.
 11879 | Gauntlet | Found a transporter.
 11897 | Gauntlet | Found a transporter.
 11943 | Gauntlet | Found a transporter.
 11951 | Gauntlet | Noticed a large abomination
 11959 | Gauntlet | Found a transporter.
 12059 | Gauntlet | Found a transporter.
 12061 | Gauntlet | Noticed a catoblepas
 12073 | Gauntlet | Found a transporter.
 12173 | Gauntlet | Reached skill level 15 in Axes
 12224 | Gauntlet | HP: 1/86 [death drake (4)]
 12224 | Gauntlet | Killed from afar by a death drake

Illustrated notes

Levels and vault maps discovered:
D:1:      dpeg_arrival_three_bigger_balls, layout_loops_ring, st_stairs_2,
          minivault_14
D:2:      layout_basic, chequers_serial_rivers_micro_e, grunt_decor_resistance,
          amcnicky_mini_corridor_feature, uniq_natasha
D:3:      layout_basic, roderic_roman_lattice, uniq_grinder
D:4:      layout_basic, okawaru_gym_becter, palyth_stone_intersect
D:5:      layout_basic, minivault_25, uniq_ijyb
D:6:      layout_basic, vehumet_altar_wand_db, zin_treasury,
          minmay_temple_entry_waves, lightli_sewer_entry_pipes,
          uniq_blork_the_orc, uniq_crazy_yiuf_cottage, uniq_maggie
D:7:      layout_basic, elyvilon_altar_1, serial_shops,
          nicolae_shop_bloodbath_and_beyond
D:8:      layout_loops_ring, kennysheep_orc_sif_temple, evilmike_ruin_ashenzari,
          serial_shops, shop, david_defended_altar_orc
D:9:      layout_rooms, amcnicky_altar_gilded, due_lair_maze_entry_diamond,
          nicolae_wooded_promenade
D:10:     minmay_bloctagon_deflated, layout_loops_corners,
          mainiacjoe_overflow_small_starburst, kiku_gazebo_garden_becter,
          minmay_sticks_and_stones
D:11:     layout_basic, gauntlet_entry_generic
Gauntlet: gammafunk_gauntlet_branching [gammafunk_gauntlet_arena_arrow_garden,
          gammafunk_gauntlet_arena_spirals, gammafunk_gauntlet_arena_hedges,
          gammafunk_gauntlet_arena_split_diamond,
          nicolae_gauntlet_arena_flowing_pool, gammafunk_gauntlet_arena_teeth,
          nicolae_gauntlet_arena_blocks, nicolae_gauntlet_arena_grate_2,
          nicolae_gauntlet_exit_dead_adventurers]

Skill      XL: |  1  2  3  4  5  6  7  8  9 10 11 |
---------------+----------------------------------+-----
Armour         | 2 3 4 5 6 |  6.0
Axes           | 4 5 6 7 9 11 13 15 | 15.0
Fighting       | 4 5 6 |  6.0
Evocations     | 2 5 6 |  6.0
Dodging        | |  1.5

Action                   |  1- 3 |  4- 6 |  7- 9 | 10-12 || total
-------------------------+-------+-------+-------+-------++-------
Melee: Hand axe          |    77 |    86 |   333 |   248 ||   744
       Tailslap          |     4 |    13 |    47 |    33 ||    97
       War axe           |       |       |    17 |       ||    17
Throw: Dart              |       |       |     3 |       ||     3
Invok: Berserk           |     2 |     3 |     8 |    13 ||    26
       Trog's Hand       |       |     2 |     5 |     2 ||     9
 Abil: Rolling Charge    |    20 |    27 |    48 |    16 ||   111
  Use: Scroll            |       |       |    17 |     4 ||    21
       Potion            |       |       |     2 |     1 ||     3
 Stab: Invisible         |       |       |     1 |       ||     1
Armor: Ring mail         |    23 |    22 |   173 |    81 ||   299
       Scale mail        |       |     4 |       |       ||     4
       Chain mail        |       |     3 |       |       ||     3
       Troll leather arm |       |       |       |    16 ||    16
Dodge: Dodged            |    36 |    21 |   163 |    87 ||   307
Block: Other             |       |       |       |     3 ||     3

Table legend: (Time is in decaauts)
 A = Elapsed time spent in this place.
 B = Non-inter-level travel time spent in this place.
 C = Inter-level travel time spent in this place.
 D = Time resting spent in this place.
 E = Time spent auto-exploring this place.
 F = Levels seen in this place.
 G = Mean time per level.
                   A        B        C        D        E       F      G
               +--------+--------+--------+--------+--------+-----+--------+
         Total |  12473 |  11928 |    545 |   1695 |   8179 |  13 |  959.5 |
       Dungeon |  11442 |  10897 |    545 |   1690 |   7422 |  11 | 1040.2 |
         Sewer |    599 |    599 |      0 |      0 |    482 |   1 |  599.0 |
      Gauntlet |    431 |    431 |      0 |      5 |    275 |   1 |  431.0 |
               +--------+--------+--------+--------+--------+-----+--------+

Top non-repeatable levels by time:
     D:8: 2351 daAuts
     D:6: 1285 daAuts
     D:5: 1194 daAuts
    D:10: 1156 daAuts
     D:2: 1142 daAuts
     D:7: 1028 daAuts
     D:1: 998 daAuts
     D:4: 957 daAuts
     D:3: 686 daAuts
     D:9: 631 daAuts
   Sewer: 599 daAuts
Gauntlet: 431 daAuts
    D:11: 9 daAuts
